 Dungeon Crawl Stone Soup version 0.30-b1-2-g02819fbbbe (webtiles) character file.

Game seed: 4787679859269416527

582 funkygono the Chopper (level 7, -1/61 HPs)
             Began as a Minotaur Fighter on May 11, 2023.
             Slain by an ogre
             ... wielding a +0 giant spiked club
              (22 damage)
             ... on level 5 of the Dungeon.
             The game lasted 00:05:16 (3005 turns).

funkygono the Chopper (Minotaur Fighter)            Turns: 3005, Time: 00:05:16

Health: -1/61      AC: 12    Str: 22    XL:     7   Next: 14%
Magic:  6/6        EV:  8    Int:  5    God:
Gold:   257        SH:  4    Dex: 10    Spells: 6/6 levels left

rFire   . . .        a - +0 war axe
rCold   . . .        c - +0 buckler
rNeg    . . .        k - +0 chain mail
rPois   .            h - +2 hat
rElec   .            (no cloak)
rCorr   .            (no gloves)
SInv    .            (no boots)
Will    .....        o - amulet of the acrobat Stlth
                     (no ring)
HPRegen 0.30/turn    (no ring)
MPRegen 0.10/turn

%: acrobat
@: no status effects
A: horns 2, retaliatory headbutt
a: no special abilities


You were on level 5 of the Dungeon.
You visited 2 branches of the dungeon, and saw 6 of its levels.

You collected 257 gold pieces.

Inventory:

Hand Weapons
 a - a +0 war axe (weapon)
Armour
 c - a +0 buckler (worn)
 h - a +2 hat (worn)
 k - a +0 chain mail (worn)
Jewellery
 o - an amulet of the acrobat (around neck)
Wands
 s - a wand of paralysis (8)
 v - a wand of digging (3)
Scrolls
 e - 7 scrolls of identify {unknown}
 f - 2 scrolls of enchant weapon {unknown}
 i - 2 scrolls of teleportation {unknown}
 j - a scroll of summoning {unknown}
 q - 2 scrolls of fear {unknown}
 r - a scroll of noise {unknown}
 t - a scroll of silence {unknown}
 u - a scroll of poison {unknown}
Potions
 b - a potion of resistance {unknown}
 d - 2 potions of might
 g - 2 potions of attraction {unknown}
 l - 2 potions of mutation {unknown}
 m - a potion of invisibility {unknown}
 n - a potion of haste {unknown}
 p - a potion of curing {unknown}


   Skills:
 + Level 5.0 Fighting
 + Level 6.3 Axes
 + Level 6.1 Armour
 + Level 1.3 Dodging
 + Level 0.3 Stealth
 + Level 4.6 Shields


You had 6 spell levels left.
You didn't know any spells.
Your spell library contained the following spells:

 Spells                   Type           Power      Damage    Failure   Level
 Foxfire                  Conj/Fire      0%         2x1d4     98%         1
 Slow                     Hex            0%         N/A       98%         1
 Confusing Touch          Hex            0%         N/A       100%        3
 Vampiric Draining        Necr           0%         2d6       100%        3
 Fireball                 Conj/Fire      0%         3d3       100%        5
 Plasma Beam              Fire/Air       0%         2x1d11    100%        6
 Starburst                Conj/Fire      0%         6d3       100%        6


Dungeon Overview and Level Annotations

Branches:
Dungeon (5/15)             Temple (1/1) D:4

Altars:
Cheibriados
Dithmenos
Fedhas
Gozag
Hepliaklqana
Nemelex Xobeh
Okawaru
Qazlal
Ru
Sif Muna
Trog
Uskayaw
Vehumet
Wu Jian
Yredelemnul
The Shining One

Annotations:
D:5 Menkaure


Innate Abilities, Weirdness & Mutations

You have a pair of horns on your head.
You reflexively headbutt those who attack you in melee.


Message History

You slash the adder!
You kill the adder!
You feel sick. The adder bites you but does no damage.
You hit the adder.
The adder is moderately wounded.
You feel sick. The adder barely misses you.
You completely miss the adder.
The adder is moderately wounded.
You feel sick.
The adder bites you but does no damage. x2
You barely miss the adder. Your headbutt misses the adder.
The adder is moderately wounded.
You feel sick. You block the adder's attack.
An ogre comes into view. It is wielding a +0 giant spiked club.
The adder barely misses you.
You closely miss the adder.
The ogre shouts!
Your headbutt misses the adder.
The adder is moderately wounded.
You feel sick. The adder completely misses you. You furiously retaliate!
You headbutt the adder. You closely miss the adder. You headbutt the adder.
You kill the adder!
You feel sick.
You are no longer poisoned.
You see here an adder corpse.
You slash the ogre!
The ogre is heavily wounded.
The ogre hits you with a +0 giant spiked club!
The adder hisses angrily.
You slash the ogre!
The ogre is severely wounded.
You hear a shout!
The ogre barely misses you.
Menkaure, Prince of Dust comes into view.
You hit the ogre. Your headbutt misses the ogre.
The ogre is almost dead.
Menkaure calls on the powers of darkness!
The adder convulses!
Your body is wracked with pain!
The ogre hits you with a +0 giant spiked club!!
You die...

# #.. #....################
M...S.O@..(.......">#
#....###########.##.# ...
######.##.# .
#......#..####
#...........(# ^..#.
##.......#.##.# ....
##.............# ....
##........#.#.#..
#.....#####..#............#


You could see an ogre, Menkaure and an adder.

Vanquished Creatures
  2 black bears (D:4)
  An ogre (D:4)
  A centaur (D:4)
  A hound (D:5)
  A jelly (D:4)
  7 adders
  A worm (D:3)
  3 dart slugs
  10 orcs
  6 ball pythons
  10 bats
  3 endoplasms
  3 giant cockroaches
  15 goblins
  6 hobgoblins
  8 jackals
  6 kobolds
  4 quokkas
  3 frilled lizards
  8 rats
99 creatures vanquished.

Notes
Turn   | Place    | Note
-------+----------+-------------------------------------------
     0 | D:1      | funkygono the Minotaur Fighter began the quest for the Orb.
     0 | D:1      | Reached XP level 1. HP: 19/19 MP: 0/0
   214 | D:1      | Reached XP level 2. HP: 26/27 MP: 1/1
   703 | D:2      | Reached XP level 3. HP: 33/33 MP: 2/2
  1166 | D:2      | Reached XP level 4. HP: 40/40 MP: 3/3
  1990 | D:3      | Found an ornate altar of the Wu Jian Council.
  2016 | D:4      | Found a staircase to the Ecumenical Temple.
  2027 | D:4      | Reached skill level 5 in Armour
  2035 | Temple   | Entered the Ecumenical Temple
  2035 | Temple   | Found a transporter.
  2035 | Temple   | Found a transporter.
  2037 | Temple   | Found a transporter.
  2037 | Temple   | Found a transporter.
  2150 | D:4      | Noticed a centaur
  2167 | D:4      | Killed a centaur
  2168 | D:4      | Reached skill level 1 in Dodging
  2168 | D:4      | Reached XP level 5. HP: 22/47 MP: 4/4
  2448 | D:4      | Noticed an ogre
  2457 | D:4      | Killed an ogre
  2458 | D:4      | Reached skill level 5 in Axes
  2458 | D:4      | Reached XP level 6. HP: 45/53 MP: 5/5
  2628 | D:4      | Reached skill level 5 in Fighting
  2628 | D:4      | Reached XP level 7. HP: 43/61 MP: 6/6
  2715 | D:4      | Found a large runed translucent door.
  2716 | D:4      | Found a large runed translucent door.
  2874 | D:4      | Found a hide-covered altar of Uskayaw.
  2878 | D:4      | Found a sparkling altar of Nemelex Xobeh.
  2918 | D:5      | Entered Level 5 of the Dungeon
  3004 | D:5      | Noticed Menkaure
  3005 | D:5      | Slain by an ogre

Illustrated notes

Levels and vault maps discovered:
D:1:      matt_arrival_los_fun, layout_basic, minivault_14
D:2:      layout_loops_cross, hangedman_decor_points
D:3:      layout_basic, nicolae_wu_jian_immortal_techniques
D:4:      layout_cave_pools, jmf_multi_god_temple2,
          minmay_temple_entry_purple_smoke, minivault_25, minmay_ogre_servants
D:5:      layout_basic, serial_glass, glass_columns_b, glass_columns_a,
          nicolae_shop_i_like_big_books, uniq_menkaure, uniq_prince_ribbit1
Temple:   hellmonk_temple_divided_pantheon

Skill      XL: |  1  2  3  4  5  6 |
---------------+-------------------+-----
Armour         | 4 5 6 |  6.1
Shields        | 4 |  4.6
Fighting       | 4 5 |  5.0
Axes           | 3 4 5 6 |  6.3
Dodging        | 1 |  1.3
Stealth        | |  0.3

Action                     |  1- 3 |  4- 6 |  7- 9 || total
---------------------------+-------+-------+-------++-------
  Melee: War axe           |    86 |    87 |    29 ||   202
         Headbutt          |     8 |    13 |     4 ||    25
 Armour: Scale mail        |    44 |       |       ||    44
         Chain mail        |     6 |    70 |    20 ||    96
  Dodge: Dodged            |    43 |    43 |     9 ||    95
  Block: Buckler           |    17 |    19 |     7 ||    43
